Map: Fracture LE

Players

VaeVictus

  • Race: Zerg Zerg
  • League: Diamond
  • Spawn Location: 11:00

tbobaggins - Winner!

  • Race: Zerg Zerg
  • League: Platinum
  • Spawn Location: 5:00

VOD

Have the link to the VOD?

Description

Time

  • Played on: Sept. 18, 2018, 11:12 p.m.
  • Length: 29:18
Show
View Real Time Build Order
Export as new Build Order

VaeVictus Zerg 

Build Orders: Hatch First, Lurkers 

Get SALT Encoding   

  12  0:01  Drone  
  13  0:15  Overlord  
  13  0:20  Drone  
  14  0:34  Drone  
  14  0:35  Drone  
  16  0:51  Hatchery  
  16  0:53  Drone  
  16  0:57  Drone  
  16  1:01  Drone  
  18  1:12  Extractor  
  18  1:16  Spawning Pool  
  16  1:20  Drone  
  17  1:34  Drone x2  
  19  1:47  Overlord  
  19  1:54  Drone  
  20  2:04  Queen  
  20  2:05  Zergling x2, Queen  
  20  2:06  Zergling x2  
  26  2:18  Drone  
  26  2:19  Drone  
  28  2:29  Metabolic Boost  
  28  2:31  Drone x2  
  30  2:44  Hatchery  
  30  2:49  Overlord  
  29  2:59  Baneling Nest, Drone x3  
  29  3:15  Drone  
  29  3:16  Drone x2, Roach Warren  
  31  3:24  Drone x2  
  34  3:31  Drone x5  
  34  3:32  Evolution Chamber  
  38  3:34  Extractor  
  38  3:35  Extractor  
  38  3:41  Lair  
  36  3:43  Drone  
  37  3:52  Drone x3  
  40  4:01  Drone x4  
  40  4:02  Drone  
  45  4:08  Queen  
  47  4:13  Zerg Missile Weapons Level 1  
  47  4:20  Overlord x2  
  47  4:24  Overlord  
  47  4:31  Roach  
  47  4:37  Drone  
  50  4:41  Glial Reconstitution  
  50  4:43  Roach x4  
  58  4:51  Drone x5  
  63  4:56  Roach x2  
  67  5:07  Drone x4  
  67  5:08  Drone  
  67  5:13  Roach  
  74  5:14  Overlord x2  
  74  5:28  Overlord  
  74  5:36  Roach x8  
  74  5:39  Overlord x2  
  90  5:45  Overlord x3  
  90  5:47  Drone  
  91  6:02  Roach x8  
  107  6:04  Ravager x4  
  107  6:08  Drone x3  
  107  6:10  Extractor, Drone  
  114  6:18  Roach x2  
  114  6:21  Overlord x2  
  118  6:29  Roach x6  
  130  6:37  Ravager  
  131  6:42  Drone x3  
  131  6:43  Drone x3  
  137  6:50  Zerg Missile Weapons Level 2  
  137  7:00  Ravager  
  138  7:09  Extractor  
  138  7:11  Extractor  
  136  7:22  Hatchery  
  127  7:25  Roach x12  
  123  7:37  Roach x5  
  124  7:48  Roach x5  
  134  7:53  Ravager  
  135  7:59  Ravager  
  135  8:03  Ravager  
  137  8:06  Ravager  
  137  8:11  Ravager  
  139  8:19  Drone x7  
  146  8:21  Overlord x7  
  146  8:22  Overseer x3  
  146  8:38  Evolution Chamber  
  146  8:43  Roach x8  
  146  8:45  Queen  
  146  8:48  Drone x5  
  169  8:50  Extractor  
  169  8:52  Extractor  
  167  8:55  Hydralisk Den  
  167  9:00  Roach x4  
  174  9:10  Zerg Ground Armor Level 1  
  174  9:15  Drone x2  
  176  9:17  Infestation Pit  
  176  9:21  Spire  
  176  9:22  Ravager  
  176  9:23  Ravager  
  170  9:36  Burrow  
  170  9:43  Lurker Den  
  169  9:47  Drone x3  
  169  9:48  Drone x2  
  169  9:49  Drone  
  175  9:54  Ravager x2  
  175  9:55  Ravager  
  175  9:58  Muscular Augments  
  175  9:59  Hydralisk  
  180  10:30  Hive  
  180  10:34  Mutalisk x5  
  190  10:48  Hydralisk x5  
  200  11:05  Zerg Ground Armor Level 2  
  200  11:30  Lurker  
  200  11:31  Lurker  
  200  11:32  Lurker x2  
  200  11:39  Lurker  
  195  11:43  Hydralisk x2  
  199  12:06  Greater Spire  
  195  12:18  Adaptive Talons  
  195  12:21  Viper x4  
  183  12:26  Adrenal Glands  
  183  12:37  Hydralisk x4  
  183  12:41  Lurker x2  
  191  12:51  Extractor  
  191  12:55  Hatchery  
  155  13:16  Hydralisk x9  
  155  13:17  Hydralisk  
  133  13:23  Hydralisk x7  
  127  13:35  Zerg Missile Weapons Level 3  
  127  13:38  Roach x4  
  127  13:39  Roach  
  137  13:53  Hydralisk x6  
  149  14:03  Ravager  
  150  14:14  Lurker x3  
  153  14:21  Lurker  
  153  14:23  Lurker  
  149  14:28  Drone  
  149  14:29  Drone  
  151  14:32  Drone  
  152  14:38  Lurker x2  
  152  14:39  Lurker  
  129  15:15  Hydralisk x3  
  129  15:16  Hydralisk x4  
  122  15:25  Hydralisk x8  
  122  15:26  Hydralisk  
  122  15:27  Overlord x2  
  122  15:28  Overlord x3  
  121  15:38  Viper  
  124  15:51  Extractor  
  124  15:56  Lurker  
  126  15:57  Lurker x2  
  126  16:00  Lurker  
  126  16:01  Lurker  
  128  16:07  Lurker  
  128  16:28  Corruptor x2  
  128  16:29  Corruptor  
  134  16:41  Zerg Flyer Armor Level 1  
  134  16:42  Overseer  
  134  16:43  Overseer  
  134  16:45  Overseer  
  127  17:03  Brood Lord  
  131  17:15  Brood Lord  
  131  17:24  Brood Lord  
  113  17:55  Roach  
  113  17:56  Roach x11  
  137  18:09  Hydralisk  
  135  18:48  Hatchery  
  126  18:50  Extractor  
  124  18:58  Hatchery, Extractor x2  
  124  19:01  Roach x12  
  121  19:06  Extractor  
  120  19:12  Spine Crawler  
  119  19:17  Pneumatized Carapace  
  120  19:39  Hatchery  
  119  19:53  Hydralisk x3  
  119  19:54  Hydralisk x5  
  119  19:56  Extractor  
  119  19:57  Corruptor  
  119  19:59  Corruptor  
  138  20:13  Corruptor  
  136  20:33  Unknown  
  127  20:41  Hydralisk x2  
  127  20:42  Hydralisk  
  128  21:13  Brood Lord  
  130  21:22  Extractor  
  129  21:26  Extractor  
  129  21:31  Brood Lord  
  128  21:47  Lurker x2  
  130  22:24  Zerg Flyer Armor Level 2  
  130  23:00  Drone x8  
  130  23:01  Drone x5  
  143  23:08  Drone x2  
  143  23:09  Drone  
  143  23:10  Drone  
  143  23:12  Drone  
  148  23:15  Drone  
  149  23:20  Zerg Ground Armor Level 3  
  149  23:24  Roach x4  
  149  23:25  Roach x4  
  149  23:26  Hatchery  
  164  23:44  Extractor  
  164  23:46  Extractor  
  162  24:00  Hydralisk x2  
  166  24:03  Overlord x7  
  166  24:04  Overlord  
  162  24:29  Viper  
  162  24:30  Viper x4  
  173  24:38  Hydralisk x2  
  175  24:59  Unknown x2  
  170  25:09  Overseer x5  
  170  25:13  Roach x8  
  170  25:14  Roach x8  
  199  25:15  Roach  
  199  25:26  Overseer x5  
  199  25:32  Ravager  
  196  26:02  Drone x2  
  196  26:03  Drone  
  199  26:04  Drone  
  189  26:45  Drone x2  
  189  26:46  Drone x8  
  188  26:47  Corruptor x6  
  142  27:15  Overlord x5  
  142  27:18  Overseer  
  142  27:20  Overseer  
  142  27:21  Overseer  
  142  27:22  Overseer  
  138  27:31  Brood Lord x3  
  76  28:05  Hydralisk x2  
  76  28:06  Hydralisk x16  
  103  28:18  Zergling x8  
  81  28:38  Hydralisk x5  
Show
View Real Time Build Order
Export as new Build Order

tbobaggins Zerg - Winner!

Build Orders: Hatch First, Lurkers 

Get SALT Encoding   

  12  0:01  Drone  
  13  0:12  Overlord  
  13  0:21  Drone  
  14  0:31  Drone x2  
  14  0:35  Drone  
  17  0:57  Hatchery  
  17  0:59  Drone  
  17  1:00  Drone  
  18  1:12  Extractor  
  18  1:15  Spawning Pool  
  18  1:18  Drone  
  17  1:21  Drone  
  18  1:28  Drone  
  19  1:41  Drone  
  20  1:50  Overlord  
  20  2:01  Queen  
  22  2:09  Queen  
  22  2:10  Drone  
  22  2:11  Drone  
  26  2:17  Drone  
  27  2:24  Roach Warren  
  27  2:27  Extractor  
  25  2:37  Drone  
  25  2:38  Drone x3  
  25  2:42  Drone  
  30  2:52  Evolution Chamber  
  30  2:56  Evolution Chamber  
  28  3:17  Overlord x2  
  28  3:18  Overlord  
  28  3:19  Drone x5  
  33  3:40  Roach x3  
  39  3:49  Drone  
  39  3:51  Drone  
  39  3:54  Hatchery, Drone  
  41  3:56  Drone  
  42  4:04  Roach x2  
  42  4:09  Drone x2  
  48  4:17  Zerg Missile Weapons Level 1  
  48  4:21  Roach x2  
  52  4:32  Lair  
  52  4:46  Roach  
  52  4:47  Roach x3  
  52  4:48  Overlord x2  
  60  4:59  Zerg Ground Armor Level 1  
  60  5:09  Roach x4  
  60  5:10  Roach  
  70  5:16  Queen  
  72  5:22  Ravager x2  
  72  5:23  Ravager  
  75  5:29  Extractor  
  74  5:38  Glial Reconstitution  
  74  5:44  Drone x4  
  74  5:45  Drone x4  
  82  6:05  Overlord  
  82  6:06  Overlord x4  
  82  6:20  Hydralisk Den  
  82  6:23  Drone  
  82  6:24  Drone  
  85  6:25  Roach  
  85  6:26  Roach x6  
  97  6:40  Extractor  
  97  6:45  Roach x6  
  97  6:46  Roach x2  
  112  6:59  Roach x5  
  122  7:04  Overlord x2  
  114  7:23  Ravager  
  114  7:24  Ravager  
  89  7:52  Hydralisk x5  
  89  7:53  Lurker Den  
  98  8:03  Drone  
  98  8:04  Drone x10  
  109  8:10  Grooved Spines  
  109  8:11  Hatchery  
  108  8:17  Overseer  
  108  8:26  Zerg Missile Weapons Level 2  
  108  8:34  Hydralisk  
  108  8:35  Hydralisk x2  
  108  8:40  Extractor  
  113  8:41  Extractor  
  113  8:45  Hydralisk x3  
  118  9:10  Hydralisk  
  118  9:15  Hydralisk x4  
  128  9:19  Lurker  
  128  9:20  Lurker  
  130  9:27  Roach x4  
  130  9:28  Roach  
  136  9:37  Lurker  
  135  9:54  Hydralisk  
  135  9:55  Hydralisk x3  
  135  9:57  Overlord x2  
  135  9:58  Overlord x3  
  143  10:02  Lurker  
  144  10:16  Infestation Pit  
  144  10:20  Ravager  
  144  10:39  Roach x4  
  144  10:40  Roach x11  
  174  10:44  Lurker x2  
  174  10:45  Lurker  
  177  10:51  Drone x5  
  182  11:00  Overseer x2  
  182  11:05  Hive  
  180  11:25  Spore Crawler  
  180  11:31  Spore Crawler  
  175  11:42  Overlord x2  
  175  11:43  Overlord x4  
  172  12:27  Drone  
  172  12:28  Drone x6  
  172  12:29  Adaptive Talons  
  179  12:36  Hydralisk  
  179  12:37  Hydralisk x9  
  199  12:45  Hatchery  
  167  13:08  Hydralisk x9  
  95  13:39  Roach  
  95  13:40  Roach x11  
  119  13:45  Lurker x4  
  123  14:04  Zerg Ground Armor Level 2  
  123  14:10  Hydralisk x5  
  133  14:25  Hydralisk x3  
  133  14:27  Queen  
  141  14:56  Lurker  
  120  15:18  Hydralisk  
  120  15:19  Hydralisk x15  
  106  15:30  Lurker x2  
  106  15:34  Viper x3  
  115  15:45  Hydralisk  
  115  15:46  Hydralisk x2  
  115  15:49  Lurker  
  122  15:51  Lurker  
  123  16:04  Drone x3  
  123  16:05  Drone x3  
  123  16:08  Extractor  
  123  16:09  Extractor  
  127  16:16  Roach  
  127  16:17  Roach x3  
  135  16:48  Roach x7  
  135  16:49  Roach x7  
  163  17:09  Lurker x2  
  123  17:46  Hydralisk  
  123  17:47  Hydralisk x15  
  109  18:06  Spire  
  105  18:22  Lurker x2  
  107  18:28  Unknown  
  99  18:51  Hydralisk x4  
  99  18:52  Hydralisk x2  
  111  19:04  Zerg Missile Weapons Level 3  
  111  19:20  Hatchery  
  111  19:21  Corruptor x2  
  111  19:22  Corruptor x3  
  117  19:54  Spore Crawler, Spine Crawler  
  109  20:21  Hydralisk  
  109  20:22  Hydralisk x15  
  119  20:36  Corruptor x3  
  108  20:43  Unknown  
  108  20:57  Drone x3  
  108  20:58  Drone  
  108  20:59  Drone x2  
  108  21:00  Drone  
  108  21:01  Drone x10  
  125  21:06  Extractor  
  125  21:07  Extractor  
  125  21:11  Zerg Flyer Armor Level 1  
  123  21:14  Corruptor x4  
  131  21:26  Hydralisk x4  
  139  21:56  Hydralisk x2  
  139  21:57  Hydralisk x6  
  155  22:07  Lurker  
  153  22:19  Lurker x2  
  155  22:35  Overseer  
  155  22:54  Ultralisk Cavern  
  155  22:57  Hatchery  
  153  23:05  Zerg Flyer Weapons Level 1  
  153  23:18  Muscular Augments  
  153  23:29  Drone x3  
  153  23:30  Drone x2  
  153  23:31  Drone  
  153  23:33  Drone x5  
  153  23:34  Drone x3  
  167  23:35  Extractor x2  
  147  24:03  Ultralisk x3  
  163  24:28  Lurker x2  
  146  25:14  Hydralisk x7  
  146  25:15  Hydralisk x6  
  172  25:48  Roach x12  
  172  25:49  Roach x3  
  194  25:52  Overseer  
  194  26:17  Overlord x3  
  194  26:18  Overlord  
  194  26:20  Zerg Ground Armor Level 3  
  184  27:31  Hatchery  
  160  27:54  Hydralisk x7  
  160  27:55  Hydralisk x9  
  162  28:09  Hydralisk  
  162  28:10  Hydralisk x2  
  164  28:49  Lurker x3  
Tags
 
Add a new tag
Caveats
  • Supply blocks, unpowered buildings, or Contaminate may cause inaccurate times.
  • Supply counts are checked every 10 seconds.